 Dungeon Crawl Stone Soup version 0.30-a0-953-g5f1da4a474 (webtiles) character file.

Game seed: 7467875020200033056

5 cforsyth the Shield-Bearer (level 1, 0/18 HPs)
             Began as a Formicid Fighter on Mar 28, 2023.
             Succumbed to a goblin's poison
             ... on level 1 of the Dungeon.
             The game lasted 00:00:39 (107 turns).

cforsyth the Shield-Bearer (Formicid Fighter)        Turns: 107, Time: 00:00:40

Health: 0/18       AC:  6    Str: 20    XL:     1   Next: 88%
Magic:  1/1        EV:  9    Int:  7    God:
Gold:   0          SH:  5    Dex: 13    Spells: 0/0 levels left

rFire   . . .      SeeInvis +    a - +0 flail
rCold   . . .      Faith    .    c - +0 buckler
rNeg    . . .      Spirit   .    b - +0 scale mail
rPois   .          Reflect  .    (helmet unavailable)
rElec   .          Rampage  .    (no cloak)
rCorr   .                        (no gloves)
Will    .....                    (no boots) Stlth
                                 (no amulet)
HPRegen 0.23/turn                (no ring)
MPRegen 0.07/turn                (no ring)

@: lethally poisoned (0 -> -22)
A: permanent stasis, dig shafts and tunnels, antennae 3, four strong arms
a: Dig, Shaft Self


You were on level 1 of the Dungeon.
You visited 1 branch of the dungeon, and saw 1 of its levels.

Inventory:

Hand Weapons
 a - a +0 flail (weapon)
Armour
 b - a +0 scale mail (worn)
 c - a +0 buckler (worn)
Potions
 d - a potion of might
 e - a potion of lignification {unknown}
 f - a potion of berserk rage {unknown}
 g - 2 potions of magic {unknown}


   Skills:
 + Level 3.4 Fighting
 + Level 2.1 Maces & Flails
 + Level 3.4 Armour
 + Level 4.1 Shields


You couldn't memorise any spells.
You didn't know any spells.
Your spell library was empty.

Dungeon Overview and Level Annotations

Branches:
Dungeon (1/15)

Altars:


Innate Abilities, Weirdness & Mutations

You cannot be hasted, slowed, berserked, paralysed or teleported.
You can dig through walls and to a lower floor.
You have a pair of large antennae on your head. (SInv)
Your four strong arms can wield two-handed weapons with a shield.


Message History

There are monsters nearby!
There are monsters nearby!
A dart slug comes into view.
The goblin shouts!
The dart slug briefly extends its eye-stalks.
You closely miss the kobold. You block the kobold's attack.
A jackal comes into view.
You barely miss the kobold.
The jackal barks!
The kobold hits you with a +0 short sword.
A jackal comes into view.
A goblin comes into view. It is wielding a +0 club.
The kobold barely misses you.
You completely miss the kobold.
The goblin shouts!
You hear a bark!
A jackal comes into view.
The kobold closely misses you. The goblin hits you but does no damage.
You are poisoned.
You hit the kobold but do no damage.
You feel very sick.
The kobold hits you with a +0 short sword.
You block the goblin's attack.
You closely miss the kobold.
You feel very sick. The kobold hits you but does no damage.
The goblin hits you but does no damage.
You are lethally poisoned!
The jackal misses you.
The goblin hits you with a +2 dagger of venom.
You are more poisoned.
The kobold closely misses you.
You are too injured to fight recklessly!
You are too injured to fight recklessly!
You are too injured to fight recklessly!
You are too injured to fight recklessly!
You are too injured to fight recklessly!
You are too injured to fight recklessly!
You are too injured to fight recklessly!
You thump the goblin!
You kill the goblin!
You die...

####
...########.$..!
.....wK@>.hg....
...#####h##h...
#.# { . #†# #.#
#.# #.# ###)####
#......#


You could see a dart slug, 3 jackals, a goblin and a kobold.

Vanquished Creatures
  An endoplasm (D:1)
  A goblin (D:1)
  2 kobolds (D:1)
  A ball python (D:1)
  A rat (D:1)
6 creatures vanquished.

Notes
Turn   | Place    | Note
-------+----------+-------------------------------------------
     0 | D:1      | cforsyth the Formicid Fighter began the quest for the Orb.
     0 | D:1      | Reached XP level 1. HP: 18/18 MP: 1/1
   107 | D:1      | Succumbed to a goblin's poison

Illustrated notes

Levels and vault maps discovered:
D:1:      dpeg_arrival_tiny_k, layout_basic, minmay_misc_feat_secret_circle

Action                     || total
---------------------------++-------
  Melee: Flail             ||    14
 Armour: Scale mail        ||     7
  Dodge: Dodged            ||     7
  Block: Buckler           ||     2

Table legend: (Time is in decaauts)
 A = Elapsed time spent in this place.
 B = Non-inter-level travel time spent in this place.
 C = Inter-level travel time spent in this place.
 D = Time resting spent in this place.
 E = Time spent auto-exploring this place.
 F = Levels seen in this place.
 G = Mean time per level.
                   A        B        C        D        E       F      G
               +--------+--------+--------+--------+--------+-----+--------+
         Total |    111 |    111 |      0 |      0 |     71 |   1 |  111.0 |
       Dungeon |    111 |    111 |      0 |      0 |     71 |   1 |  111.0 |
               +--------+--------+--------+--------+--------+-----+--------+

Top non-repeatable levels by time:
     D:1: 111 daAuts
